 Dungeon Crawl Stone Soup version 0.23-a0-29-g1be82e5 (webtiles) character file.

3580 Treefire the Fighter (level 10, -8/85 HPs)
             Began as a Gnoll Wanderer on Aug 3, 2018.
             Was a Believer of Yredelemnul.
             Mangled by an orc knight
             ... wielding a +0 war axe
              (21 damage)
             ... on level 8 of the Dungeon.
             The game lasted 00:37:54 (13822 turns).

Treefire the Fighter (Gnoll Wanderer)              Turns: 13822, Time: 00:37:54

Health: -8/85      AC: 11    Str: 16    XL:     10   Next: 10%
Magic:  26/26      EV: 12    Int: 15    God:    Yredelemnul [**....]
Gold:   381        SH:  5    Dex: 16    Spells: 17/18 levels left

rFire    + + .     SeeInvis .   c - +1 spear
rCold    + . .     Gourm    .   u - +0 buckler
rNeg     . . .     Faith    .   h - +0 scale mail {MR+}
rPois    .         Spirit   .   s - +0 helmet
rElec    .         Reflect  .   V - scarf {rC+ rF+}
rCorr    .         Harm     .   (no gloves)
MR       +....                  X - +2 pair of boots
Stlth    ++........             (no amulet)
HPRegen  0.24/turn              p - ring of magical power
MPRegen  0.20/turn              y - ring of protection from fire

@: slowed, very slow
A: distributed training, fangs 1, strong nose
a: Animate Remains, Recall Undead Slaves, Injury Mirror, Renounce Religion


You were on level 8 of the Dungeon.
You worshipped Yredelemnul.
Yredelemnul was pleased with you.
You were not hungry.

You visited 1 branch of the dungeon, and saw 8 of its levels.
You also visited: Ossuary and Bailey.

You collected 381 gold pieces.

Inventory:

Hand Weapons
 a - a +2 dagger
 c - a +1 spear (weapon)
 k - a -2 hunting sling
 m - a +0 mace of crushing
 w - a +0 quarterstaff
 I - a +0 shortbow
Missiles
 e - 163 arrows
 i - 268 stones
 l - 39 bolts
 n - 52 sling bullets
 t - 4 steel javelins
 L - 2 poisoned tomahawks (quivered)
 M - 3 tomahawks of returning
Armour
 h - a +0 scale mail of magic resistance (worn)
 s - a +0 helmet (worn)
 u - a +0 buckler (worn)
 V - a scarf of resistance (worn)
 X - a +2 pair of boots (worn)
Jewellery
 p - a ring of magical power (left hand)
 y - a ring of protection from fire (right hand)
 A - an uncursed ring of protection from cold
 B - an uncursed ring of resist corrosion {unknown}
Wands
 o - a wand of random effects (18)
 x - a wand of digging (12)
 H - a wand of flame (21)
Scrolls
 d - 5 scrolls of teleportation
 q - a scroll of random uselessness {unknown}
 z - 2 scrolls of silence
 D - 2 scrolls of enchant weapon
 J - a scroll of amnesia
 K - a scroll of enchant armour
 Q - 4 scrolls of remove curse
Potions
 j - 4 potions of curing
 v - 2 potions of resistance
 C - a potion of lignification {unknown}
 E - a potion of heal wounds
 F - a potion of flight {unknown}
 G - 4 potions of ambrosia
 N - 11 potions of degeneration
 O - 2 potions of haste
 P - 3 potions of mutation
 R - a potion of might
 S - 2 potions of brilliance {unknown}
 U - a potion of magic {unknown}
Comestibles
 f - 6 rations
 g - a chunk of flesh


   Skills:
 + Level 9.8 Fighting
 + Level 4.8 Short Blades
 + Level 4.8 Long Blades
 + Level 4.8 Axes
 + Level 4.8 Maces & Flails
 + Level 6.7 Polearms
 + Level 4.8 Staves
 + Level 4.8 Slings
 + Level 4.8 Bows
 + Level 4.8 Crossbows
 + Level 4.8 Throwing
 + Level 4.8 Armour
 + Level 4.8 Dodging
 + Level 7.8 Stealth
 + Level 4.8 Shields
 + Level 4.8 Unarmed Combat
 + Level 4.8 Spellcasting
 + Level 4.0 Conjurations
 + Level 4.0 Hexes
 + Level 4.0 Charms
 + Level 4.0 Summonings
 + Level 4.0 Necromancy
 + Level 4.0 Translocations
 + Level 4.0 Transmutations
 + Level 4.0 Fire Magic
 + Level 4.0 Ice Magic
 + Level 4.0 Air Magic
 + Level 4.0 Earth Magic
 + Level 4.0 Poison Magic
 + Level 5.3 Invocations
 + Level 5.5 Evocations


You had 17 spell levels left.
You knew the following spells:

 Your Spells              Type           Power        Failure   Level  Hunger
a - Summon Small Mammal   Summ           ###.         11%         1    None

Your spell library contained the following spells:

 Spells                   Type           Power        Failure   Level  Hunger
 Throw Frost              Conj/Ice       ###...       16%         2    ##.....
 Freeze                   Ice            ###.         11%         1    None
 Summon Ice Beast         Ice/Summ       ###.....     71%         4    ####...
 Ozocubu's Armour         Chrm/Ice       ###.....     30%         3    ###....
 Throw Icicle             Conj/Ice       ###.....     71%         4    ####...


Dungeon Overview and Level Annotations

Branches:
Dungeon (8/15)             Temple (0/1) D:4
   Lair: D:8-11

Altars:
Cheibriados
Dithmenos
Elyvilon
Hepliaklqana
Kikubaaqudgha
Makhleb
Nemelex Xobeh
Qazlal
Ru
Sif Muna
Uskayaw
Vehumet
Yredelemnul

Shops:
D:5 %}

Annotations:
D:7 2 transporters, glosham's ghost, novice HOCj


Innate Abilities, Weirdness & Mutations

Your experience applies equally to all skills.
You have very sharp teeth.
Your uncanny sense of smell can sniff out nearby items.


Message History

The orc knight hits you with a war axe!
* * * LOW HITPOINT WARNING * * *
The wraith misses you.
As you read the scroll of fear, it crumbles to dust.
You assume a fearsome visage.
The orc knight easily resists.
The gnoll looks frightened!
The wraith is unaffected.
The wraith misses you.
As you read the scroll of magic mapping, it crumbles to dust.
You feel aware of your surroundings.
The orc knight hits you but does no damage.
The wraith hits you!
* * * LOW HITPOINT WARNING * * *
The wraith drains your vigour!
You feel yourself slow down.
Drop what? 47/52 slots (_ for help) (? for menu, Esc to quit)
Okay, then.
As you read the scroll labeled OBAIFU NATO, it crumbles to dust.
The creatures around you are filled with an inner flame!
It was a scroll of immolation.
The orc knight hits you with a war axe!!
You die...
Your body rises from the dead as a mindless zombie.

*** ############ *,*
#..........# #,####
#..........# #.,..#
#..........### #.##.#
#...........W.
#..#.#####.[......Z.##.
*#...W@og<.[........##.
###.####...........##. #.#
#..g........##. #######.#
#.############. ##...#.g.##
#.g# ######
##.........####.#######.....
#...........go...)..........
#............##.##.........#
#............##.##...#####..


You could see an orc knight (inner flame), a wraith (inner flame), a gnoll
(inner flame) and a goblin (inner flame).

Vanquished Creatures
  A two-headed ogre (D:8)
  Grinder (D:4)
  An ice beast (D:5)
  A sky beast (D:7)
  2 phantoms
  A necrophage (D:7)
  5 ogres
  3 centaurs
  3 bullfrogs
  A scorpion (D:5)
  A howler monkey (D:4)
  5 crimson imps
  A bullfrog zombie (D:5)
  2 centaur zombies
  7 hounds
  2 human zombies (Ossuary)
  2 orc priests (D:5)
  A jelly (D:7)
  An iguana (D:5)
  An iron imp (D:6)
  Natasha (twice) (D:3)
  4 orc wizards
  3 worker ants
  3 mummies (Ossuary)
  A howler monkey zombie (D:5)
  Robin (D:2)
  5 gnolls
  7 adders
  2 shadow imps
  4 oozes
  3 adder zombies
  3 worms
  5 dart slugs
  5 leopard geckos
  15 orcs
  6 giant cockroaches
  A gnoll zombie (Ossuary)
  14 hobgoblins
  9 jackals
  10 kobolds
  3 quokkas (D:3)
  6 ball pythons
  4 bats
  3 frilled lizards
  11 goblins
  A goblin zombie (Ossuary)
  2 hobgoblin zombies (Ossuary)
  A kobold zombie (Ossuary)
  2 leopard gecko skeletons
  A quokka skeleton (D:4)
  7 rats
186 creatures vanquished.

Vanquished Creatures (collateral kills)
  A necrophage (D:7)
  A crimson imp (D:8)
  A jelly (D:7)
  An orc wizard (D:8)
4 creatures vanquished.

Vanquished Creatures (others)
  An adder zombie (D:7)
  2 orc zombies (D:8)
  4 toadstools (D:1)
7 creatures vanquished.

Grand Total: 197 creatures vanquished

Notes
Turn   | Place    | Note
-------+----------+-------------------------------------------
     0 | D:1      | Treefire the Gnoll Wanderer began the quest for the Orb.
     0 | D:1      | Treefire set off with: a +2 dagger, a scroll of fear, a +0 spear, a scroll of teleportation, a +0 robe, a ration
     0 | D:1      | Reached XP level 1. HP: 26/26 MP: 2/2
   131 | D:1      | Reached XP level 2. HP: 33/33 MP: 3/3
   582 | D:1      | Reached XP level 3. HP: 38/38 MP: 4/4
  1082 | D:2      | Noticed Robin
  1132 | D:2      | Reached skill level 1 in Invocations
  1385 | D:2      | Reached skill level 1 in Short Blades
  1385 | D:2      | Reached skill level 1 in Long Blades
  1385 | D:2      | Reached skill level 1 in Axes
  1385 | D:2      | Reached skill level 1 in Maces & Flails
  1385 | D:2      | Reached skill level 1 in Staves
  1385 | D:2      | Reached skill level 1 in Slings
  1385 | D:2      | Reached skill level 1 in Bows
  1385 | D:2      | Reached skill level 1 in Crossbows
  1385 | D:2      | Reached skill level 1 in Throwing
  1385 | D:2      | Reached skill level 1 in Armour
  1385 | D:2      | Reached skill level 1 in Dodging
  1385 | D:2      | Reached skill level 1 in Shields
  1385 | D:2      | Reached skill level 1 in Unarmed Combat
  1385 | D:2      | Reached skill level 1 in Spellcasting
  1437 | D:2      | Killed Robin
  1437 | D:2      | Reached XP level 4. HP: 41/45 MP: 6/6
  2754 | D:3      | Reached skill level 1 in Conjurations
  2754 | D:3      | Reached skill level 1 in Hexes
  2754 | D:3      | Reached skill level 1 in Charms
  2754 | D:3      | Reached skill level 1 in Summonings
  2754 | D:3      | Reached skill level 1 in Necromancy
  2754 | D:3      | Reached skill level 1 in Translocations
  2754 | D:3      | Reached skill level 1 in Transmutations
  2754 | D:3      | Reached skill level 1 in Fire Magic
  2754 | D:3      | Reached skill level 1 in Ice Magic
  2754 | D:3      | Reached skill level 1 in Air Magic
  2754 | D:3      | Reached skill level 1 in Earth Magic
  2754 | D:3      | Reached skill level 1 in Poison Magic
  3351 | D:3      | Reached XP level 5. HP: 30/51 MP: 7/7
  4930 | D:3      | Reached XP level 6. HP: 55/57 MP: 8/8
  5689 | D:3      | Noticed Natasha
  5721 | D:3      | Killed Natasha
  6117 | D:3      | Noticed Natasha
  6170 | D:3      | Killed Natasha
  6170 | D:3      | Reached skill level 5 in Polearms
  6546 | D:4      | Found a sacrificial altar of Ru.
  6546 | D:4      | Found a basalt altar of Yredelemnul.
  6546 | D:4      | Found a shadowy altar of Dithmenos.
  6546 | D:4      | Found a white marble altar of Elyvilon.
  6555 | D:4      | Found a stormy altar of Qazlal.
  6555 | D:4      | Found a sparkling altar of Nemelex Xobeh.
  6574 | D:4      | Became a worshipper of Yredelemnul the Dark
  6760 | D:4      | You fall through a shaft!
  6760 | D:5      | Entered Level 5 of the Dungeon
  6760 | D:5      | Noticed an ice beast
  6761 | D:5      | Killed an ice beast
  6761 | D:5      | Reached XP level 7. HP: 63/63 MP: 10/10
  6829 | D:5      | Found a radiant altar of Vehumet.
  6829 | D:5      | Found an ancient bone altar of Kikubaaqudgha.
  6830 | D:5      | Found a deep blue altar of Sif Muna.
  6836 | D:5      | Identified Sif Muna's Grimoire of the Escort
  6840 | D:5      | Learned a level 1 spell: Summon Small Mammal
  6871 | D:5      | Found Bimuniu's Gadget Shoppe.
  6900 | D:5      | Found Reubish's Food Emporium.
  7631 | D:4      | Noticed Grinder
  7639 | D:4      | Paralysed by Grinder for 5 turns
  7656 | D:4      | Paralysed by Grinder for 3 turns
  7665 | D:4      | Paralysed by Grinder for 3 turns
  7671 | D:4      | Killed Grinder
  7671 | D:4      | Reached skill level 9 in Fighting
  7671 | D:4      | Reached XP level 8. HP: 22/71 MP: 12/12
  8006 | D:4      | Found a staircase to the Ecumenical Temple.
  9755 | D:5      | Found a sparkling altar of Nemelex Xobeh.
 10440 | D:5      | Reached * piety under Yredelemnul
 10938 | D:6      | Reached XP level 9. HP: 63/76 MP: 14/14
 11254 | D:6      | Found a burning altar of Makhleb.
 11773 | D:7      | Found a sand-covered staircase.
 11831 | Ossuary  | Entered an ossuary
 12391 | D:7      | Noticed glosham's ghost (novice HOCj)
 12405 | D:7      | Found a transporter.
 12408 | D:7      | Found a transporter.
 12610 | D:7      | Reached skill level 5 in Evocations
 12800 | D:7      | Found a snail-covered altar of Cheibriados.
 12803 | D:7      | Found a hazy altar of Hepliaklqana.
 13023 | D:7      | Found a hide-covered altar of Uskayaw.
 13460 | D:8      | Reached ** piety under Yredelemnul
 13481 | D:8      | Noticed a two-headed ogre
 13580 | D:8      | Killed a two-headed ogre
 13580 | D:8      | Reached skill level 5 in Invocations
 13580 | D:8      | Reached XP level 10. HP: 59/84 MP: 17/17
 13708 | D:8      | Found a flagged portal.
 13718 | Bailey   | Entered a bailey
 13741 | Bailey   | Noticed an orc knight
 13764 | Bailey   | HP: 4/84 [orc knight/war axe (8)]
 13822 | D:8      | Mangled by an orc knight

Vault maps used:
D:1:      ldierk_water_garden, minmay_shallow_snake_nest
D:2:      first_ration, uniq_robin
D:3:      uniq_natasha
D:4:      minmay_overflow_temple_hex, minmay_temple_entry_crystal_x,
          uniq_grinder
D:5:      grunt_temple_overflow_magic_moments, serial_shops, shop_statue,
          nicolae_shop_crystal, small_statue_intersection,
          nemelex_lonely_heart_becter
D:6:      makhleb_grotto_becter
D:7:      overflow_temple_1_default, minitemple, gammafunk_ghost_arena,
          enter_ossuary_1
D:8:      enter_bailey_3, hangedman_pestilent_swarm
Ossuary:  ossuary_crypta
Bailey:   bailey_axe_1, bailey

Skill      XL: |  1  2  3  4  5  6  7  8  9 |
---------------+----------------------------+-----
Stealth        | 6 7 |  7.8
Invocations    | 1 2 3 4 5 |  5.3
Short Blades   | 1 2 3 4 |  4.8
Long Blades    | 1 2 3 4 |  4.8
Axes           | 1 2 3 4 |  4.8
Maces & Flails | 1 2 3 4 |  4.8
Staves         | 1 2 3 4 |  4.8
Slings         | 1 2 3 4 |  4.8
Bows           | 1 2 3 4 |  4.8
Crossbows      | 1 2 3 4 |  4.8
Throwing       | 1 2 3 4 |  4.8
Armour         | 1 2 3 4 |  4.8
Dodging        | 1 2 3 4 |  4.8
Shields        | 1 2 3 4 |  4.8
Unarmed Combat | 1 2 3 4 |  4.8
Spellcasting   | 1 2 3 4 |  4.8
Conjurations   | 1 2 3 4 |  4.0
Hexes          | 1 2 3 4 |  4.0
Charms         | 1 2 3 4 |  4.0
Summonings     | 1 2 3 4 |  4.0
Necromancy     | 1 2 3 4 |  4.0
Translocations | 1 2 3 4 |  4.0
Transmutations | 1 2 3 4 |  4.0
Fire Magic     | 1 2 3 4 |  4.0
Ice Magic      | 1 2 3 4 |  4.0
Air Magic      | 1 2 3 4 |  4.0
Earth Magic    | 1 2 3 4 |  4.0
Poison Magic   | 1 2 3 4 |  4.0
Evocations     | 3 4 5 |  5.5
Polearms       | 5 6 |  6.7
Fighting       | 9 |  9.8

Action                   |  1- 3 |  4- 6 |  7- 9 | 10-12 || total
-------------------------+-------+-------+-------+-------++-------
Melee: Spear             |   165 |    32 |   233 |    78 ||   508
       Bite              |    15 |    96 |   169 |     9 ||   289
       Dagger            |       |   589 |   986 |       ||  1575
       Punch             |       |     5 |       |       ||     5
 Fire: Hunting sling     |       |       |       |     4 ||     4
Throw: Stone             |     8 |    10 |     8 |       ||    26
       Javelin           |       |       |    93 |       ||    93
       Tomahawk          |       |       |       |     5 ||     5
Invok: Animate Remains   |       |       |     4 |     2 ||     6
Evoke: Wand              |       |    15 |     5 |     1 ||    21
  Use: Scroll            |       |     6 |    12 |     4 ||    22
       Potion            |       |     3 |     1 |     2 ||     6
 Stab: Sleeping          |     4 |     9 |     7 |       ||    20
       Distracted        |       |       |     3 |     1 ||     4
       Confused          |       |       |     1 |       ||     1
  Eat: Chunk             |     2 |    14 |    14 |     2 ||    32
       Ration            |       |     1 |     3 |       ||     4
Armor: Scale mail        |    63 |   120 |    31 |    34 ||   248
       Ring mail         |       |    65 |   299 |       ||   364
Dodge: Dodged            |    66 |   240 |   521 |    28 ||   855
Block: Buckler           |       |    21 |   203 |    13 ||   237

Table legend:
 A = Spawn XP
 B = Non-spawn XP
 C = Spawn XP percentage of total XP
 D = Spawn monster count
 E = Non-spawn monster count
 F = Spawn count percentage of total count
 G = Total turns spent on level
                    A         B        C        D         E        F      G
               +---------+---------+-------+---------+---------+-------+---------
         Total |       0 |    5115 |   0.0 |       0 |     190 |   0.0 | 13822
               +---------+---------+-------+---------+---------+-------+---------
           D:1 |       0 |      60 |   0.0 |       0 |      28 |   0.0 |  1076
           D:2 |       0 |     126 |   0.0 |       0 |      30 |   0.0 |  2859
           D:3 |       0 |     272 |   0.0 |       0 |      32 |   0.0 |  2410
           D:4 |       0 |     678 |   0.0 |       0 |      11 |   0.0 |  2097
           D:5 |       0 |     892 |   0.0 |       0 |      25 |   0.0 |  2211
           D:6 |       0 |     510 |   0.0 |       0 |      15 |   0.0 |   761
           D:7 |       0 |    1009 |   0.0 |       0 |      16 |   0.0 |  1393
           D:8 |       0 |    1369 |   0.0 |       0 |      19 |   0.0 |   497
       Ossuary |       0 |     194 |   0.0 |       0 |      11 |   0.0 |   471
        Bailey |       0 |       5 |   0.0 |       0 |       3 |   0.0 |    47
               +---------+---------+-------+---------+---------+-------+---------
